 Dungeon Crawl Stone Soup version 0.32-a0-779-g362cfcae2a (webtiles) character file.

Game seed: 15347757311917670862

5531 JohnnyKeats the Grappler (level 10, -7/96 HPs)
             Began as a Troll Berserker on Mar 19, 2024.
             Was an Elder of Trog.
             Mangled by a yak (11 damage)
             ... on level 10 of the Dungeon on Mar 20, 2024.
             The game lasted 00:33:34 (7498 turns).

JohnnyKeats the Grappler (Troll Berserker)          Turns: 7498, Time: 00:33:36

Health: -7/96      AC:  8    Str: 29    XL:     10   Next: 43%
Magic:  9/9        EV: 10    Int:  3    God:    Trog [****..]
Gold:   411        SH:  0    Dex: 11    Spells: 9/9 levels left

rFire   . .          .
                       - Unarmed
rCold   . . .        (no shield)
rNeg    . . .        P - +0 acid dragon scales
rPois   .            d - +0 hat {SInv}
rElec   .            (no cloak)
rCorr   +            (gloves unavailable)
SInv    +            (boots unavailable)
Will    .....        E - amulet of faith
Stlth   +            (no ring)
HPRegen 1.16/turn    (no ring)
MPRegen 0.11/turn

%: faith
@: on berserk cooldown, slowed, very slow
A: large, unfitting armour, claws 3, regeneration 1, shaggy fur 1, tough skin 1
a: Renounce Religion, Berserk, Trog's Hand, Brothers in Arms


You were on level 10 of the Dungeon.
You worshipped Trog.
Trog was greatly pleased with you.
You visited 2 branches of the dungeon, and saw 11 of its levels.
You also visited: Sewer.

You collected 411 gold pieces.

Inventory:

Hand Weapons
 B - a +2 long sword of distortion
 F - a +0 giant spiked club
 M - a +0 halberd of venom
 N - a +2 morningstar
 O - a +2 heavy broad axe
Missiles
 g - 77 stones (quivered)
 h - 2 darts of dispersal
 w - 14 poisoned darts
 L - 4 atropa-tipped darts
Armour
 a - a +0 animal skin
 d - a +0 hat of see invisible (worn)
 k - a +0 helmet
 P - +0 acid dragon scales (worn)
 Q - a +1 cloak
Jewellery
 E - an amulet of faith (around neck)
 I - the amulet of Ahoeg {Faith Harm Str+2}
   (You found it in a sewer)

   [amulet of faith]

   Faith:     It allows you to gain divine favour quickly.
   Str+2:     It affects your strength (+2).
   Harm:      It increases damage dealt and taken.
Talismans
 c - a beast talisman
Wands
 q - a wand of charming (8)
 R - a wand of flame (10)
Scrolls
 b - a scroll of acquirement {unknown}
 f - 4 scrolls of identify {unknown}
 i - a scroll of blinking {unknown}
 l - a scroll of amnesia {unknown}
 o - 2 scrolls of brand weapon {unknown}
 r - 2 scrolls of immolation {unknown}
 s - 6 scrolls of teleportation {unknown}
 t - 2 scrolls of enchant armour {unknown}
 v - 2 scrolls of fog {unknown}
 x - a scroll of revelation {unknown}
 y - 2 scrolls of vulnerability {unknown}
 z - a scroll of butterflies {unknown}
 G - 5 scrolls of poison {unknown}
 H - a scroll of enchant weapon {unknown}
 J - 3 scrolls of fear {unknown}
 K - a scroll of noise {unknown}
Potions
 e - a potion of degeneration {unknown}
 j - a potion of invisibility {unknown}
 m - 3 potions of curing {unknown}
 n - 3 potions of heal wounds {unknown}
 p - a potion of might {unknown}
 u - 2 potions of attraction {unknown}
 A - 2 potions of mutation {unknown}
 C - a potion of magic {unknown}
 D - a potion of haste {unknown}


   Skills:
 + Level 5.3 Fighting
 + Level 0.3 Throwing
 + Level 1.4 Armour
 + Level 7.0 Dodging
 + Level 1.9 Stealth
 + Level 12.0 Unarmed Combat


You had 9 spell levels left.
You didn't know any spells.
Your spell library contained the following spells:

 Spells                   Type           Power      Damage    Failure   Level
 Ensorcelled Hibernation  Hex/Ice        0%         N/A       73%         2
 Fugue of the Fallen      Necr           0%         N/A       91%         3
 Anguish                  Hex/Necr       0%         N/A       100%        4


Dungeon Overview and Level Annotations

Branches:
Dungeon (10/15)            Temple (1/1) D:7            Lair (0/5) D:10
  Sewer (visited)
    Orc: D:9-12

Altars:
Ashenzari
Cheibriados
Dithmenos
Elyvilon
Fedhas
Gozag
Hepliaklqana
Kikubaaqudgha
Makhleb
Nemelex Xobeh
Okawaru
Qazlal
Ru
Sif Muna
Trog
Uskayaw
Vehumet
Wu Jian
Xom
Yredelemnul
Zin
The Shining One


Innate Abilities, Weirdness & Mutations

You are too large for most types of armour.
You have claws for hands.
Your natural rate of healing is unusually fast.
You are covered in fur. (AC +1)
You have tough skin. (AC +1)


Message History

The poisoned dart completely misses you.
You mangle the kobold brigand!!
You kill the kobold brigand!
Trog accepts your kill.
The yak barely misses you. x2; The yak completely misses you.
The yak closely misses you. The yak misses you.
The kobold hits you but does no damage. The yak attacks as it pursues you!
The yak barely misses you. The yak gores you.
Things that are here:
a +0 dagger; a curare-tipped dart The yak attacks as it pursues you!
The yak gores you but does no damage.
You barely miss the kobold. The yak gores you!
You barely miss the yak. You claw the yak, but do no damage.
The yak is severely wounded.
The yak gores you! The acid dragon bites you! The acid dragon claws you.
The yak gores you but does no damage. x2
You mangle the yak!!
The yak is almost dead.
The yak gores you! The kobold hits you but does no damage. The yak gores you.
* * * LOW HITPOINT WARNING * * *
The acid dragon spits acid at you. The splash of acid hits you! You resist.
* * * LOW HITPOINT WARNING * * *
The yak barely misses you.
You hear an angry buzzing noise. x3; You hear an angry hiss.
You claw the acid dragon!
The acid dragon is heavily wounded.
The yak gores you but does no damage. The acid dragon misses you.
The acid dragon closely misses you. The yak barely misses you.
The yak closely misses you.
A vampire mosquito comes into view.
You claw the acid dragon!
You kill the acid dragon!
Trog accepts your kill.
A vampire mosquito comes into view.
The yak barely misses you. The yak gores you!
* * * LOW HITPOINT WARNING * * *
The kobold barely misses you. The kobold closely misses you. The yak gores you!
You die...

....P......#
.P...(.P...#
♣..........#
...........#
.P......♣#.#
.yP.....##.######
..y...Kl##.......
..###KYY.....#####
#KY@..........
#.KK.....#####
#.....)))#
#......))#
######.#.# #..#.#
#########..#.#
#..........#.# ...
#.########.#.#


You could see 3 yaks, a basilisk, 2 vampire mosquitoes and 5 kobolds.

Vanquished Creatures
  A centaur warrior (D:9)
  Maurice (D:10)
  Maggie (D:9)
  Grinder (D:5)
  A troll (D:9)
  A yak (D:10)
  2 wyverns
  2 acid dragons
  Duvessa (D:5)
  4 water moccasins
  An ice beast (D:5)
  An orc warrior (D:10)
  An ogre (D:5)
  5 centaurs
  A phantom (D:5)
  A kobold brigand (D:10)
  Blork the orc (D:5)
  8 bullfrogs
  3 scorpions
  A gnoll sergeant (D:8)
  4 wights (D:8)
  Dowan (D:5)
  3 killer bees (D:7)
  3 howler monkeys (D:9)
  6 hounds
  2 jellies
  An orc priest (D:4)
  A gnoll bouda (D:7)
  2 iguanas (D:5)
  3 orc wizards
  A sleepcap (D:7)
  11 gnolls
  11 adders
  A river rat (D:6)
  A shadow imp (D:5)
  A white imp (D:7)
  16 dart slugs
  A ribbon worm (D:2)
  10 orcs
  11 endoplasms
  8 giant cockroaches
  7 goblins
  7 hobgoblins
  7 jackals
  3 quokkas (D:6)
  8 ball pythons
  3 bats
  9 frilled lizards
  9 kobolds
  7 rats
196 creatures vanquished.

Notes
Turn   | Place    | Note
-------+----------+-------------------------------------------
     0 | D:1      | JohnnyKeats the Troll Berserker began the quest for the
                  | Orb.
     0 | D:1      | Reached XP level 1. HP: 22/22 MP: 0/0
   376 | D:1      | Reached XP level 2. HP: 29/29 MP: 1/1
   623 | D:2      | Reached XP level 3. HP: 21/36 MP: 2/2
   767 | D:2      | Reached skill level 4 in Unarmed Combat
   771 | D:2      | Reached XP level 4. HP: 44/44 MP: 3/3
   871 | D:2      | Reached ** piety under Trog
  1398 | D:3      | You fall into a shaft and drop 1 floor!
  1463 | D:4      | Reached XP level 5. HP: 53/53 MP: 4/4
  1937 | D:4      | Reached skill level 5 in Unarmed Combat
  2949 | D:5      | Entered Level 5 of the Dungeon
  3019 | D:5      | Reached XP level 6. HP: 57/61 MP: 5/5
  3173 | D:5      | Noticed Grinder
  3182 | D:5      | Killed Grinder
  3183 | D:5      | Reached skill level 6 in Unarmed Combat
  3200 | D:5      | Reached XP level 7. HP: 56/67 MP: 6/6
  3337 | D:5      | Reached skill level 7 in Unarmed Combat
  3441 | D:5      | Noticed Blork the orc
  3450 | D:5      | Killed Blork the orc
  3523 | D:5      | Noticed Duvessa
  3523 | D:5      | Noticed Dowan
  3527 | D:5      | Killed Duvessa
  3528 | D:5      | Reached skill level 1 in Stealth
  3528 | D:5      | Reached XP level 8. HP: 78/78 MP: 7/7
  3534 | D:5      | Killed Dowan
  3806 | D:5      | Reached skill level 8 in Unarmed Combat
  3901 | D:5      | Found a glowing golden altar of the Shining One.
  3910 | D:5      | Found an iron altar of Okawaru.
  4123 | D:6      | Found a glowing drain.
  4130 | Sewer    | Entered a sewer
  4137 | Sewer    | Reached *** piety under Trog
  4327 | Sewer    | Reached **** piety under Trog
  4366 | Sewer    | Reached skill level 5 in Dodging
  4371 | Sewer    | Identified the amulet of Ahoeg {Faith Harm Str+2}
  4626 | D:6      | Reached skill level 9 in Unarmed Combat
  4934 | D:7      | Reached XP level 9. HP: 70/84 MP: 8/8
  5166 | D:7      | Found a staircase to the Ecumenical Temple.
  5202 | D:7      | HP: 3/84 [gnoll/+0 club[a gnoll bouda] (6)]
  5211 | D:7      | HP: 4/84 [gnoll/+0 spear[a gnoll bouda] (5)]
  5280 | Temple   | Entered the Ecumenical Temple
  5461 | D:7      | Reached skill level 10 in Unarmed Combat
  6439 | D:9      | Upgraded the game from 0.32-a0-768-g0f6f1dd4b9 to
                  | 0.32-a0-779-g362cfcae2a
  6508 | D:9      | Reached skill level 11 in Unarmed Combat
  6640 | D:9      | Noticed Maggie
  6649 | D:9      | Killed Maggie
  6691 | D:9      | Reached XP level 10. HP: 81/94 MP: 9/9
  6775 | D:9      | Reached skill level 5 in Fighting
  6807 | D:9      | Noticed a centaur warrior
  6819 | D:9      | Killed a centaur warrior
  7372 | D:10     | Entered Level 10 of the Dungeon
  7400 | D:10     | Noticed Maurice
  7405 | D:10     | Maurice stole a +2 heavy broad axe
  7409 | D:10     | Killed Maurice
  7410 | D:10     | Reached skill level 1 in Armour
  7480 | D:10     | Found a staircase to the Lair.
  7484 | D:10     | Reached skill level 12 in Unarmed Combat
  7498 | D:10     | HP: 4/96 [yak (12)]
  7498 | D:10     | Mangled by a yak

Illustrated notes

Levels and vault maps discovered:
D:1:      dpeg_arrival_shelter, layout_basic
D:2:      cheibrodos_helix_gallery, layout_rooms, st_stairs_12
D:3:      layout_basic, lemuel_flame_loot_1
D:4:      layout_loops_cross, serial_co_window_serial, co_window_paths_a,
          co_window_corner_a, co_window_paths_a, co_window_of_opportunity_a,
          co_window_of_opportunity_a, co_window_paths_c,
          co_window_of_opportunity_c, co_window_of_opportunity_c,
          co_window_paths_d, co_window_4corner_a, glass_columns_c,
          glass_columns_b, glass_columns_c, glass_columns_a
D:5:      layout_loops_corners, mainiacjoe_overflow_swirl, roderic_lattice_a,
          uniq_blork_the_orc, uniq_grinder, uniq_duvessa
D:6:      layout_rooms, gup_sewer_entry_bubbles
D:7:      layout_basic, minmay_temple_entry_junction_2
D:8:      layout_loops_ring, chequers_hall_statues_corner_a,
          hangedman_decor_riveting
D:9:      layout_loops_ring, uniq_maggie
D:10:     layout_basic, minmay_lair_entry_grove, serial_shops, shop, uniq_lodul,
          uniq_urug, uniq_maurice
Temple:   mainiacjoe_temple_cubbyholes

Skill      XL: |  1  2  3  4  5  6  7  8  9 10 |
---------------+-------------------------------+-----
Unarmed Combat | 4 5 6 7 9 11 12 | 12.0
Dodging        | 3 4 5 6 7 |  7.0
Fighting       | 3 4 5 |  5.3
Stealth        | 1 |  1.9
Armour         | 1 |  1.4
Throwing       | |  0.3

Action                     |  1- 3 |  4- 6 |  7- 9 | 10-12 || total
---------------------------+-------+-------+-------+-------++-------
  Melee: Unarmed           |    65 |   114 |   285 |    40 ||   504
         Punch             |       |     5 |     7 |     5 ||    17
  Throw: Stone             |       |       |     3 |       ||     3
 Invoke: Berserk           |     1 |     3 |    14 |     3 ||    21
         Trog's Hand       |       |       |     6 |       ||     6
 Armour: Animal skin       |    49 |    95 |   240 |       ||   384
         Acid dragon scale |       |       |    13 |    52 ||    65
         Skin              |       |       |     8 |       ||     8
  Dodge: Dodged            |    36 |    49 |   188 |    37 ||   310

Table legend: (Time is in decaauts)
 A = Elapsed time spent in this place.
 B = Non-inter-level travel time spent in this place.
 C = Inter-level travel time spent in this place.
 D = Time resting spent in this place.
 E = Time spent auto-exploring this place.
 F = Levels seen in this place.
 G = Mean time per level.
                   A        B        C        D        E       F      G
               +--------+--------+--------+--------+--------+-----+--------+
         Total |   7604 |   7240 |    364 |    522 |   4243 |  12 |  633.7 |
       Dungeon |   7123 |   6759 |    364 |    522 |   4098 |  10 |  712.3 |
        Temple |     86 |     86 |      0 |      0 |      0 |   1 |   86.0 |
         Sewer |    393 |    393 |      0 |      0 |    145 |   1 |  393.0 |
               +--------+--------+--------+--------+--------+-----+--------+

Top non-repeatable levels by time:
     D:5: 1015 daAuts
     D:9: 987 daAuts
     D:4: 930 daAuts
     D:8: 816 daAuts
     D:3: 815 daAuts
     D:7: 738 daAuts
     D:2: 668 daAuts
     D:1: 543 daAuts
     D:6: 482 daAuts
   Sewer: 393 daAuts
    D:10: 124 daAuts
  Temple: 86 daAuts
